 Dungeon Crawl Stone Soup version 0.26-a0-720-g2a1d101370 (webtiles) character file.

Game seed: 9547992714662073985

96 stormannnn the Skirmisher (level 4, -1/40 HPs)
             Began as a Demigod Fighter on Nov 3, 2020.
             Killed from afar by Sigmund (3 damage)
             ... with a magic dart
             ... on level 3 of the Dungeon.
             The game lasted 00:01:26 (1615 turns).

stormannnn the Skirmisher (Demigod Fighter)         Turns: 1615, Time: 00:01:26

Health: -1/40      AC:  6    Str: 21    XL:     4   Next: 18%
Magic:  6/6        EV:  7    Int: 12    God:
Gold:   80         SH:  9    Dex: 15    Spells: 3/3 levels left

rFire    . . .     SeeInvis .   a - +0 war axe
rCold    . . .     Faith    .   c - +0 kite shield
rNeg     . . .     Spirit   .   b - +0 scale mail
rPois    .         Reflect  .   (no helmet)
rElec    .         Harm     .   (no cloak)
rCorr    .         Rampage  .   (no gloves)
MR       .....                  (no boots)
Stlth    ..........             (no amulet)
HPRegen  0.13/turn              (no ring)
MPRegen  0.10/turn              (no ring)

@: no status effects
A: high mp 1
a: no special abilities


You were on level 3 of the Dungeon.
You visited 1 branch of the dungeon, and saw 3 of its levels.

You collected 80 gold pieces.

Inventory:

Hand Weapons
 a - a +0 war axe (weapon)
Armour
 b - a +0 scale mail (worn)
 c - a +0 kite shield (worn)
Scrolls
 e - 3 scrolls of identify {unknown}
 h - 2 scrolls of fog {unknown}
 k - a scroll of amnesia {unknown}
 l - a scroll of remove curse {unknown}
 o - a scroll of teleportation {unknown}
 p - 2 scrolls of fear {unknown}
Potions
 d - a potion of might
 f - a potion of haste {unknown}
 g - 2 potions of heal wounds {unknown}
 i - a potion of stabbing {unknown}
 j - a potion of brilliance {unknown}
 m - a potion of curing {unknown}
 n - 2 potions of lignification {unknown}
 q - a potion of ambrosia {unknown}


   Skills:
 * Level 3.6 Fighting
 + Level 2.4 Axes
 + Level 3.2 Armour
 + Level 3.2 Shields


You had 3 spell levels left.
You didn't know any spells.
Your spell library was empty.

Dungeon Overview and Level Annotations

Branches:
Dungeon (3/15)

Annotations:
D:3 Sigmund


Innate Abilities, Weirdness & Mutations

You have an increased reservoir of magic. (+10% MP)


Message History

The orc is severely wounded.
Something hits you. You block the orc's attack. x2
You hit the orc but do no damage.
The orc is severely wounded.
Something hits you but does no damage. The orc closely misses you.
You slash the orc!
You kill the orc!
Something hits you! Something hits you!
* * * LOW HITPOINT WARNING * * *
You closely miss something.
You hear some strange, mumbled words.
Something tries to affect you, but you resist.
You closely miss something. Something hits you.
* * * LOW HITPOINT WARNING * * *
Your shield prevents you from hitting something.
You hear some strange, mumbled words.
A magic dart appears from out of thin air!
The magic dart hits you.
You die...

.......
.......
.......
.......
.......
.......
......)######
........{@..#
###########.#
........ #.#
.........#
#.#
.........#
#.#
.........#
#.#
.........#
#.#
.........#
#.#
.........#
#.#


There were no monsters in sight!

Vanquished Creatures
  Jessica (D:2)
  2 oozes
  A worm (D:2)
  3 leopard geckos
  5 orcs (D:3)
  7 bats
  5 goblins
  6 hobgoblins
  3 jackals (D:2)
  5 kobolds
  2 quokkas
  2 frilled lizards
  8 rats
50 creatures vanquished.

Notes
Turn   | Place    | Note
-------+----------+-------------------------------------------
     0 | D:1      | stormannnn the Demigod Fighter began the quest for the Orb.
     0 | D:1      | Reached XP level 1. HP: 18/18 MP: 3/3
   150 | D:1      | Reached XP level 2. HP: 22/25 MP: 4/4
   815 | D:2      | Noticed Jessica
   819 | D:2      | Killed Jessica
   819 | D:2      | Reached XP level 3. HP: 29/31 MP: 5/5
  1390 | D:3      | Found a glowing golden altar of the Shining One.
  1510 | D:3      | Reached XP level 4. HP: 39/39 MP: 6/6
  1591 | D:3      | Noticed Sigmund
  1614 | D:3      | HP: 2/40 [something (6)]
  1615 | D:3      | Killed from afar by Sigmund

Illustrated notes

Levels and vault maps discovered:
D:1:      sevenhm_arrival_forest_fort_large_2, layout_loops_cross
D:2:      layout_rooms, minivault_27, uniq_jessica
D:3:      layout_basic, tso_metal_star, minmay_liquid_box, uniq_ijyb,
          uniq_sigmund

Skill      XL: |  1  2 |
---------------+-------+-----
Fighting       | 3 |  3.6
Axes           | 2 |  2.4
Armour         | 3 |  3.2
Shields        | 3 |  3.2

Action                   |  1- 3 |  4- 6 || total
-------------------------+-------+-------++-------
Melee: War axe           |    97 |    24 ||   121
Armor: Scale mail        |    42 |    15 ||    57
Dodge: Dodged            |    23 |     7 ||    30
Block: Kite shield       |    52 |     9 ||    61

Table legend: (Time is in decaauts)
 A = Elapsed time spent in this place.
 B = Non-inter-level travel time spent in this place.
 C = Inter-level travel time spent in this place.
 D = Time resting spent in this place.
 E = Time spent auto-exploring this place.
 F = Levels seen in this place.
 G = Mean time per level.
                   A        B        C        D        E       F      G
               +--------+--------+--------+--------+--------+-----+--------+
         Total |   1671 |   1653 |     18 |      0 |   1346 |   3 |  557.0 |
       Dungeon |   1671 |   1653 |     18 |      0 |   1346 |   3 |  557.0 |
               +--------+--------+--------+--------+--------+-----+--------+

Top non-repeatable levels by time:
     D:2: 714 daAuts
     D:1: 673 daAuts
     D:3: 283 daAuts
